 Dungeon Crawl Stone Soup version 0.23.0-42-geed6394 (webtiles) character file.

Game seed: 10052264637136717618

22339 Kairos the Cleaver (level 12, -19/65 HPs)
             Began as a Vine Stalker Fighter on Feb 28, 2019.
             Was a High Priest of Okawaru.
             Demolished by a catoblepas (28 damage)
             ... on level 3 of the Lair of Beasts.
             The game lasted 00:20:29 (9116 turns).

Kairos the Cleaver (Vine Stalker Fighter)           Turns: 9116, Time: 00:20:30

Health: -19/65     AC: 17    Str: 29    XL:     12   Next: 99%
Magic:  0/15       EV:  9    Int:  8    God:    Okawaru [*****.]
Gold:   654        SH: 12    Dex: 12    Spells: 11/11 levels left

rFire    . . .     SeeInvis .   y - +0 war axe (chop)
rCold    . . .     Gourm    .   c - +0 shield
rNeg     . . .     Faith    .   l - +2 chain mail {rPois}
rPois    +         Spirit   +   (no helmet)
rElec    .         Reflect  .   I - +2 cloak {rPois}
rCorr    +         Harm     .   D - -2 pair of gloves of Ossot {Regen+ rCorr Dex-2}
MR       ++...     Clarity  +   (no boots)
Stlth    ..........             j - amulet of regeneration
HPRegen  1.80/turn              w - ring of protection from magic
MPRegen  0.14/turn              H - ring of resist corrosion

@: mighty, about to teleport, invisible
A: fangs 3, iridescent scales 1, clarity, regeneration 2, magic shield,
antimagic bite, no potion heal 3, rot immunity, subdued magic 2
a: Heroism, Finesse, Renounce Religion


You were on level 3 of the Lair of Beasts.
You worshipped Okawaru.
Okawaru was extremely pleased with you.
You were not hungry.

You visited 3 branches of the dungeon, and saw 12 of its levels.

You collected 654 gold pieces.

Inventory:

Hand Weapons
 y - a +0 war axe of chopping (weapon)
 z - a +0 broad axe
 A - a +1 flail of protection
Missiles
 e - 14 javelins (quivered)
 L - a throwing net
 M - 7 silver javelins
Armour
 c - a +0 shield (worn)
 l - a +2 chain mail of poison resistance (worn)
 u - a +0 chain mail
 D - the -2 pair of gloves of Ossot (worn) {Regen+ rCorr Dex-2}
   (Okawaru gifted it to you on level 2 of the Lair of Beasts)

   It affects your dexterity (-2).
   It increases your rate of regeneration.
   It provides partial protection from all sources of acid and corrosion.
 F - the +1 leather armour "Ferus" {rF+ Regen+ Slay+2}
   (You found it on level 6 of the Dungeon)

   It affects your accuracy and damage with ranged weapons and melee attacks
   (+2).
   It protects you from fire.
   It increases your rate of regeneration.
 I - a +2 cloak of poison resistance (worn)
Magical Staves
 N - a cursed staff of poison {unknown}
Jewellery
 g - an uncursed amulet of the gourmand
 j - an amulet of regeneration (around neck)
 w - a ring of protection from magic (left hand)
 H - a ring of resist corrosion (right hand)
Wands
 b - a wand of iceblast (3)
 s - a wand of random effects (25)
 E - a wand of flame (28)
 G - a wand of paralysis (13)
Scrolls
 h - 4 scrolls of amnesia
 p - 2 scrolls of magic mapping
 t - 3 scrolls of teleportation
 v - a scroll of fog
 x - 3 scrolls of remove curse
 B - a scroll of immolation
Potions
 a - a potion of resistance
 d - 2 potions of might
 i - 2 potions of haste
 k - 4 potions of curing
 m - 3 potions of lignification
 n - a potion of magic {unknown}
 o - 3 potions of brilliance
 q - a potion of berserk rage {unknown}
 r - a potion of heal wounds {unknown}
 C - a potion of agility {unknown}
 J - 3 potions of invisibility
Comestibles
 f - 23 rations
 K - 2 chunks of flesh


   Skills:
 + Level 8.7 Fighting
 + Level 12.6(12.8) Axes
 + Level 3.9(9.2) Maces & Flails
 + Level 6.6 Armour
 + Level 4.5 Dodging
 + Level 4.0 Stealth
 + Level 7.6 Shields
 + Level 3.1 Invocations


You had 11 spell levels left.
You didn't know any spells.
Your spell library contained the following spells:

 Spells                   Type           Power        Failure   Level  Hunger
 Animate Skeleton         Necr           N/A          99%         1    ##.....
 Apportation              Tloc           #.....       99%         1    ##.....
 Confusing Touch          Hex            #.....       99%         1    ##.....
 Sting                    Conj/Pois      #...         99%         1    ##.....
 Summon Small Mammal      Summ           #...         99%         1    ##.....
 Poisonous Vapours        Pois/Air       #.....       100%        2    ###....
 Mephitic Cloud           Conj/Pois/Air  #.......     100%        3    ####...
 Olgreb's Toxic Radiance  Pois           #.......     100%        4    #####..
 Venom Bolt               Conj/Pois      #.........   100%        5    ######.


Dungeon Overview and Level Annotations

Branches:
Dungeon (8/15)             Temple (1/1) D:4            Lair (3/6) D:8
  Snake (0/4) Lair:2
  Swamp: Lair:2-4    Shoals: Lair:2-4

Altars:
Ashenzari
Cheibriados
Dithmenos
Elyvilon
Fedhas
Hepliaklqana
Nemelex Xobeh
Okawaru
Qazlal
Ru
Trog
Uskayaw
Vehumet
Wu Jian
Zin
The Shining One
Beogh

Annotations:
D:3 exclusion: oklob plant


Innate Abilities, Weirdness & Mutations

You have razor-sharp teeth.
You heal very quickly.
When hurt, damage is shared between your health and your magic reserves.
Your bite disrupts and absorbs the magic of your enemies.
Potions cannot restore your health.
You are immune to rotting.
You are partially covered in iridescent scales. (AC +2)
You possess an exceptional clarity of mind.
Your spells are easier to cast, but less powerful.


Message History

The yak gores you but does no damage.
The komodo dragon bites something!
The catoblepas breathes a plume of calcifying dust at you.
The blast of calcifying dust hits you but does no damage.
The yak barely misses you. The yak gores you but does no damage.
You are engulfed in calcifying dust.
The yak gores you.
* * * LOW HITPOINT WARNING * * *
The komodo dragon bites something.
The catoblepas gores you but does no damage.
The yak gores you but does no damage. The yak gores you.
You turn to flesh and can move again.
As you read the scroll of teleportation, it crumbles to dust.
You feel strangely unstable.
You are engulfed in calcifying dust.
The yak gores you.
* * * LOW HITPOINT WARNING * * *
You block the catoblepas's attack. The yak barely misses you.
The yak completely misses you.
Okay, then.
You fade into invisibility!
The yak gores you but does no damage. The catoblepas gores you!!
You die...

### #######§#### ### ###
#.#.P.#@Y#.#####.####.#.
##....YYYY...†...........
#P......r....††≈≈≈≈≈≈....
###............≈P≈P#≈≈....
...............≈#≈##P≈....
...............≈≈≈##P≈....
###............≈≈≈≈≈≈≈....
#.......................
#........................


You could see a catoblepas, 4 yaks and a porcupine.

Vanquished Creatures
  3 death yaks (Lair:3)
  The ghost of coffeespoons the Fighter, a novice OpFi of Gozag (D:7)
  A manticore (Lair:2)
  A black mamba (Lair:2)
  An elephant (Lair:2)
  8 spiny frogs
  A rime drake (Lair:2)
  2 komodo dragons
  A queen bee (Lair:2)
  A dream sheep (Lair:2)
  5 blink frogs (Lair:2)
  5 hippogriffs
  18 yaks
  Sigmund (D:6)
  A wyvern (Lair:2)
  4 basilisks (Lair:2)
  Edmund (D:5)
  3 nagas (Lair:2)
  Duvessa (D:4)
  4 water moccasins
  5 porcupines
  A sky beast (D:7)
  A necrophage (D:8)
  An orc warrior (D:8)
  3 black bears
  A phantom (D:4)
  36 wolves
  6 ogres
  2 centaurs (D:7)
  6 crocodiles (Lair:2)
  Blork the orc (D:6)
  A big kobold (D:7)
  10 bullfrogs
  Dowan (D:4)
  4 scorpions
  36 killer bees
  3 wights (D:6)
  An electric eel (Lair:2)
  2 crimson imps
  2 bullfrog zombies
  3 orc priests
  3 jellies
  2 centaur skeletons
  A gnoll shaman (D:7)
  3 orc wizards
  4 hounds
  Jessica (D:3)
  An iguana (D:4)
  5 worker ants
  Terence (D:3)
  A killer bee zombie (D:5)
  A hound zombie (D:7)
  A hound skeleton (D:7)
  A howler monkey zombie (D:7)
  7 gnolls
  15 adders
  2 howler monkey skeletons
  A shadow imp (D:6)
  3 oozes
  7 worms
  3 dart slugs
  6 leopard geckos
  35 orcs
  A ball python (D:1)
  8 bats
  5 giant cockroaches
  10 goblins
  9 hobgoblins
  9 jackals
  7 quokkas
  10 frilled lizards
  A jackal skeleton (D:4)
  2 jackal zombies
  11 kobolds
  A leopard gecko zombie (D:5)
  A quokka zombie (D:7)
  9 rats
  A fungus (Lair:2)
  2 plants (Lair:3)
380 creatures vanquished.

Vanquished Creatures (others)
  2 plants (Lair:2)
  11 toadstools (D:3)
13 creatures vanquished.

Grand Total: 393 creatures vanquished

Notes
Turn   | Place    | Note
-------+----------+-------------------------------------------
     0 | D:1      | Kairos the Vine Stalker Fighter began the quest for the
                  | Orb.
     0 | D:1      | Reached XP level 1. HP: 11/11 MP: 2/2
   122 | D:1      | Reached XP level 2. HP: 13/16 MP: 3/3
   616 | D:1      | Reached XP level 3. HP: 19/20 MP: 4/4
   677 | D:1      | Gained mutation: Your spells are a little harder to cast,
                  | but a little more powerful. [potion of mutation]
   677 | D:1      | Gained mutation: You have large cloven feet. [potion of
                  | mutation]
   748 | D:2      | Reached skill level 2 in Axes
   804 | D:2      | Found a glowing golden altar of the Shining One.
   819 | D:2      | Found a stormy altar of Qazlal.
  1119 | D:2      | Gained mutation: Your natural rate of healing is unusually
                  | fast. [Vine Stalker growth]
  1119 | D:2      | Reached XP level 4. HP: 24/24 MP: 5/5
  1244 | D:2      | Found a snail-covered altar of Cheibriados.
  1337 | D:2      | Lost mutation: Your spells are a little harder to cast, but
                  | a little more powerful. [potion of mutation]
  1337 | D:2      | Lost mutation: You have large cloven feet. [potion of
                  | mutation]
  1337 | D:2      | Gained mutation: Your spells are a little easier to cast,
                  | but a little less powerful. [potion of mutation]
  1337 | D:2      | Gained mutation: Your spells are easier to cast, but less
                  | powerful. [potion of mutation]
  1337 | D:2      | Gained mutation: You possess an exceptional clarity of
                  | mind. [potion of mutation]
  1337 | D:2      | Gained mutation: You are partially covered in iridescent
                  | scales. (AC +2) [potion of mutation]
  1537 | D:3      | Reached skill level 3 in Axes
  1537 | D:3      | Reached XP level 5. HP: 24/28 MP: 4/6
  1675 | D:3      | Found an iron altar of Okawaru.
  1686 | D:3      | Became a worshipper of Warmaster Okawaru
  1831 | D:3      | Noticed Terence
  1842 | D:3      | Killed Terence
  2066 | D:3      | Noticed Jessica
  2069 | D:3      | Killed Jessica
  2069 | D:3      | Reached XP level 6. HP: 33/33 MP: 7/7
  2256 | D:3      | Found a blossoming altar of Fedhas.
  2278 | D:3      | Noticed an oklob plant
  2629 | D:4      | Found an ornate altar of the Wu Jian Council.
  2629 | D:4      | Noticed Dowan
  2629 | D:4      | Noticed Duvessa
  2658 | D:4      | Killed Duvessa
  2658 | D:4      | Reached skill level 4 in Axes
  2665 | D:4      | Killed Dowan
  2665 | D:4      | Reached * piety under Okawaru
  2736 | D:4      | Reached XP level 7. HP: 37/37 MP: 8/8
  2744 | D:4      | Found a shattered altar of Ashenzari.
  2752 | D:4      | Found a staircase to the Ecumenical Temple.
  2767 | Temple   | Entered the Ecumenical Temple
  2898 | D:4      | Reached skill level 5 in Axes
  3053 | D:4      | Reached ** piety under Okawaru
  3189 | D:4      | Gained mutation: You have razor-sharp teeth. [Vine Stalker
                  | growth]
  3189 | D:4      | Reached XP level 8. HP: 15/42 MP: 3/9
  3377 | D:5      | Entered Level 5 of the Dungeon
  3618 | D:5      | Found a sacrificial altar of Ru.
  3747 | D:5      | Reached skill level 1 in Dodging
  3769 | D:5      | Noticed Edmund
  3782 | D:5      | Killed Edmund
  3782 | D:5      | Reached skill level 6 in Axes
  3815 | D:6      | Reached skill level 1 in Invocations
  3950 | D:6      | Reached skill level 5 in Shields
  3953 | D:6      | Reached skill level 5 in Fighting
  4031 | D:6      | Found a hazy altar of Hepliaklqana.
  4042 | D:6      | Noticed Blork the orc
  4044 | D:6      | Reached XP level 9. HP: 47/47 MP: 11/11
  4050 | D:6      | Killed Blork the orc
  4101 | D:6      | Found a shadowy altar of Dithmenos.
  4154 | D:6      | Got an ichor-stained leather armour
  4165 | D:6      | Identified the cursed +1 leather armour "Ferus" {rF+ Regen+
                  | Slay+2} (You found it on level 6 of the Dungeon)
  4236 | D:6      | Reached *** piety under Okawaru
  4236 | D:6      | Reached skill level 7 in Axes
  4539 | D:6      | Noticed Sigmund
  4550 | D:6      | Killed Sigmund
  4624 | D:7      | Found a radiant altar of Vehumet.
  4911 | D:7      | Reached **** piety under Okawaru
  4996 | D:7      | Reached skill level 8 in Axes
  5104 | D:7      | Reached XP level 10. HP: 38/53 MP: 7/12
  5163 | D:7      | Found a hide-covered altar of Uskayaw.
  5281 | D:7      | Found a sparkling altar of Nemelex Xobeh.
  5335 | D:7      | Found a runed translucent door.
  5335 | D:7      | Noticed coffeespoons's ghost (novice OpFi)
  5688 | D:7      | Killed coffeespoons's ghost
  5688 | D:7      | Reached skill level 9 in Axes
  5794 | D:8      | Found a white marble altar of Elyvilon.
  5800 | D:8      | Reached ***** piety under Okawaru
  5853 | D:8      | Found a roughly hewn altar of Beogh.
  6010 | D:8      | Found a glowing silver altar of Zin.
  6093 | D:8      | Found a bloodstained altar of Trog.
  6158 | D:8      | Found a staircase to the Lair.
  6349 | Lair:1   | Entered Level 1 of the Lair of Beasts
  7030 | Lair:2   | Reached skill level 10 in Axes
  7084 | Lair:2   | Received a gift from Okawaru
  7090 | Lair:2   | Reached XP level 11. HP: 58/58 MP: 13/13
  7202 | Lair:2   | Found a staircase to the Snake Pit.
  7287 | Lair:2   | HP: 1/58 [yak (7)]
  7411 | Lair:2   | Reached skill level 1 in Maces & Flails
  7467 | Lair:2   | Received a gift from Okawaru
  7575 | Lair:2   | Reached skill level 5 in Armour
  7818 | Lair:2   | Reached skill level 11 in Axes
  8092 | Lair:2   | Noticed a manticore
  8104 | Lair:2   | Killed a manticore
  8181 | Lair:2   | Gained mutation: You heal very quickly. [Vine Stalker
                  | growth]
  8181 | Lair:2   | Reached XP level 12. HP: 58/64 MP: 14/14
  8519 | Lair:2   | Received a gift from Okawaru
  8529 | Lair:2   | Got a pair of spiked gloves {god gift}
  8535 | Lair:2   | Identified the -2 pair of gloves of Ossot {Regen+ rCorr
                  | Dex-2} (Okawaru gifted it to you on level 2 of the Lair of
                  | Beasts)
  8821 | Lair:3   | Noticed a death yak
  8825 | Lair:3   | Noticed a death yak
  8830 | Lair:2   | Reached skill level 12 in Axes
  8895 | Lair:3   | Killed a death yak
  8898 | Lair:3   | Killed a death yak
  9088 | Lair:3   | Noticed a death yak
  9096 | Lair:3   | Noticed a catoblepas
  9102 | Lair:3   | Killed a death yak
  9116 | Lair:3   | Demolished by a catoblepas

Skill      XL: |  1  2  3  4  5  6  7  8  9 10 11 12 |
---------------+-------------------------------------+-----
Shields        | 3 4 5 6 7 |  7.6
Fighting       | 3 4 5 6 7 8 |  8.7
Axes           | 2 3 4 5 6 8 10 11 12 | 12.6
Armour         | 3 4 5 6 |  6.6
Dodging        | 1 2 3 4 |  4.5
Invocations    | 1 2 3 |  3.1
Stealth        | 2 3 4 |  4.0
Maces & Flails | 3 |  3.9

Action                   |  1- 3 |  4- 6 |  7- 9 | 10-12 || total
-------------------------+-------+-------+-------+-------++-------
Melee: War axe           |   105 |   120 |   173 |   524 ||   922
       Bite              |    23 |    57 |    92 |   196 ||   368
       Kick              |     8 |     8 |       |       ||    16
       Hand axe          |       |    47 |   120 |       ||   167
       Flail             |       |       |       |    53 ||    53
       Punch             |       |       |       |     6 ||     6
       Executioner's axe |       |       |       |     5 ||     5
Throw: Javelin           |     1 |       |       |       ||     1
Invok: Heroism           |       |       |    10 |    26 ||    36
       Finesse           |       |       |       |     2 ||     2
  Use: Scroll            |     2 |       |     7 |    12 ||    21
       Potion            |     1 |     1 |       |     3 ||     5
 Stab: Sleeping          |       |       |       |     3 ||     3
  Eat: Chunk             |       |     4 |     7 |    14 ||    25
       Ration            |       |     1 |       |       ||     1
Armor: Scale mail        |    41 |    49 |       |       ||    90
       Chain mail        |       |    37 |    62 |   243 ||   342
       Leather armour    |       |       |    52 |    40 ||    92
Dodge: Dodged            |    35 |    42 |    86 |   372 ||   535
Block: Shield            |    51 |    91 |   150 |   272 ||   564
